 Dungeon Crawl Stone Soup version 0.18-a0-1778-gadce9fa (webtiles) character file.

71013 dohliylev the Imperceptible (level 14, -36/86 HPs)
             Began as a Vampire Enchanter on Apr 16, 2016.
             Was a High Priest of Dithmenos.
             Killed from afar by a thorn hunter (43 damage)
             ... with a volley of thorns
             ... on level 3 of the Swamp.
             The game lasted 07:30:46 (27501 turns).

dohliylev the Imperceptible (Vampire Enchanter)    Turns: 27501, Time: 07:30:47

Health: -36/86     AC:  0    Str:  9    XL:     14   Next: 96%
Magic:  0/29       EV: 33    Int: 18    God:    Dithmenos [*****.]
Gold:   1425       SH:  0    Dex: 24    Spells: 5 memorised, 16 levels left

rFire  . . .     SeeInvis +     (weapon currently unavailable)
rCold  + + .     Gourm    .     (armour currently unavailable)
rNeg   + + +     Faith    .     (shield currently unavailable)
rPois  +         Spirit   +     (helmet currently unavailable)
rElec  .         Dismiss  .     (cloak currently unavailable)
rCorr  .         Reflect  .     (gloves currently unavailable)
SustAt .         Harm     .     (boots currently unavailable)
MR     +....                    v - amulet of guardian spirit
Stlth  ++++++++++               (ring currently unavailable)
                                (ring currently unavailable)

@: bat-form, flying, regenerating slowly, wreathed by umbra, drained, very
quick, somewhat resistant to hostile enchantments, uncannily stealthy
A: (antennae 0), fangs 3, (thin metallic scales 0), see invisible, blink, frail
1, strong 1, (unbreathing)
a: End Transformation, Blink, Shadow Step, Shadow Form, Renounce Religion


You were on level 3 of the Swamp.
You worshipped Dithmenos.
Dithmenos was extremely pleased with you.
You were near bloodless.
You were in vampire-bat-form.
You visited 5 branches of the dungeon, and saw 24 of its levels.
You also visited: Labyrinth.

You collected 1425 gold pieces.

Inventory:

Hand Weapons
 a - a +2 dagger of venom (melded)
 q - a +0 blowgun
Missiles
 e - 35 poisoned needles
 G - 2 needles of confusion
 I - 7 tomahawks (quivered)
Armour
 b - a +0 cloak (melded)
 i - a +2 pair of boots (melded)
 j - the +2 robe of Haiprouwn (melded) {*Drain Regen+ MP+9 Int+5}
   (You found it in a labyrinth)

   It affects your intelligence (+5).
   It affects your magic capacity (+9).
   It increases your rate of regeneration.
   It causes draining when unequipped.
 P - a +1 pair of gloves (melded)
 Q - a troll hide
 U - the +0 buckler "Aschoy Dipu" (melded) {Int+2}
   (You found it on level 10 of the Dungeon)

   It affects your intelligence (+2).
Magical Staves
 k - an uncursed staff of poison
Jewellery
 f - a +3 ring of dexterity (melded)
 l - a ring of wizardry (melded)
 v - an amulet of guardian spirit (around neck)
 T - a +3 ring of evasion
Wands
 w - a wand of lightning (4/15)
 y - a wand of iceblast (9/15)
Scrolls
 g - 6 scrolls of enchant weapon
 h - 8 scrolls of fog
 o - 7 scrolls of teleportation
 s - 7 scrolls of amnesia
 t - 5 scrolls of enchant armour
 A - a scroll of torment
 E - 2 scrolls of blinking
 F - 2 scrolls of acquirement
 H - 3 scrolls of magic mapping
 L - 6 scrolls of recharging
 M - a scroll of vulnerability
 N - a scroll of summoning
 Y - 4 scrolls of remove curse
Potions
 d - 20 potions of blood
 m - 8 potions of flight
 n - 3 potions of invisibility
 p - 5 potions of curing
 u - 2 potions of heal wounds
 x - 2 potions of cancellation
 C - 3 potions of brilliance
 D - 4 potions of ambrosia
 J - 4 potions of haste {unknown}
 K - a potion of resistance {unknown}
 R - a potion of berserk rage {unknown}
 S - 2 potions of might {unknown}
 Z - 2 potions of agility {unknown}
Books
 c - a book of Maledictions

   Spells                             Type                      Level
   a - Corona                         Hexes                        1
   b - Ensorcelled Hibernation        Hexes/Ice                    2
   c - Confuse                        Hexes                        3
   d - Tukima's Dance                 Hexes                        3
   e - Dazzling Spray                 Conjuration/Hexes            3
 z - a book of Changes

   Spells                             Type                      Level
   a - Beastly Appendage              Transmutation                1
   b - Sticks to Snakes               Transmutation                2
   c - Spider Form                    Transmutation/Poison         3
   d - Ice Form                       Ice/Transmutation            4
   e - Blade Hands                    Transmutation                5
 B - a book of the Sky

   Spells                             Type                      Level
   a - Summon Lightning Spire         Summoning/Air                4
   b - Airstrike                      Air                          4
   c - Silence                        Hexes/Air                    5
   d - Deflect Missiles               Charms/Air                   6
   e - Conjure Ball Lightning         Conjuration/Air              6
   f - Tornado                        Air                          9
Miscellaneous
 r - a stone of tremors
 O - a phantom mirror
 V - a sack of spiders {used: 1}
 X - a plain deck of war


   Skills:
 + Level 4.4(4.1) Fighting
 + Level 5.3(5.0) Short Blades
 + Level 0.7(0.4) Throwing
 + Level 10.3(9.9) Dodging
 + Level 22.2(21.8) Stealth
 + Level 1.7(1.4) Shields
 + Level 11.3(10.9) Spellcasting
 + Level 2.6(2.3) Conjurations
 + Level 14.4(14.0) Hexes
 + Level 3.0(2.7) Summonings
 + Level 8.1(7.8) Ice Magic
 + Level 0.3(0.0) Invocations
 + Level 0.1(0.0) Evocations


You had 16 spell levels left.
You knew the following spells:

 Your Spells              Type           Power        Failure   Level  Hunger
a - Summon Hydra          Summ           ###.......   100%        7    #######
b - Ensorcelled Hibernat  Hex/Ice        #####.       1%          2    None
c - Dazzling Spray        Conj/Hex       #####...     1%          3    None
e - Summon Ice Beast      Ice/Summ       ####....     12%         4    ##.....
f - Tukima's Dance        Hex            ######..     1%          3    None


Dungeon Overview and Level Annotations

Branches:
Dungeon (11/15)            Temple (1/1) D:4            Lair (8/8) D:10
  Swamp (3/4) Lair:5       Spider (1/4) Lair:3        Slime (0/6) Lair:8
    Orc: D:9-12

Altars:
Ashenzari
Cheibriados
Dithmenos
Elyvilon
Fedhas
Gozag
Kikubaaqudgha
Makhleb
Nemelex Xobeh
Okawaru
Pakellas
Qazlal
Ru
Sif Muna
Trog
Vehumet
Xom
Yredelemnul
Zin
The Shining One
Jiyva

Shops:
D:5 }

Annotations:
D:5 SlenderEnder's ghost, amateur MfIE


Innate Abilities, Weirdness & Mutations

You heal slowly.
You have razor-sharp teeth.
You have supernaturally acute eyesight.
((You can survive without breathing.))
((You have a pair of small antennae on your head.))
((You are partially covered in thin metallic scales (AC +2).))
You can translocate small distances at will.
You are frail (-10% HP).
Your muscles are strong. (Str +2)


Message History

There is a stone staircase leading up here.
You block the thorn hunter's attack. The thorn hunter hits you!
* * * LOW HITPOINT WARNING * * *
You turn into a vampire bat.
Your +2 dagger of venom melds into your body.
Your +0 cloak melds into your body.
Your +1 pair of gloves melds into your body.
Your +2 pair of boots melds into your body.
The +0 buckler "Aschoy Dipu" {Int+2} melds into your body.
The +2 robe of Haiprouwn {*Drain Regen+ MP+9 Int+5} melds into your body.
Your +3 ring of dexterity melds into your body.
Your ring of wizardry melds into your body.
Your +2 dagger of venom stops dripping with poison.
You feel clumsy.
The thorn hunter fires a volley of thorns at you.
The volley of thorns misses you.
The thorn hunter fires a volley of thorns at you.
The volley of thorns hits you!
Ouch! That really hurt!
You die...

♣♣♣ ♣♣♣ ♣♣
.JJ≈
♣≈.♣♣≈♣.≈≈≈.
≈.♣.≈.≈J≈≈≈
♣♣♣♣f.♣≈≈≈≈≈J
♣..b.<.≈≈≈≈≈J
♣.♣♣♣≈≈.≈≈≈J≈
♣ ♣≈...≈≈≈≈
♣♣♣♣≈≈≈≈≈
♣♣♣≈≈ ≈


You could see a thorn hunter and a slime creature (sleeping).

Vanquished Creatures
  Frances (Swamp:1)
  Aizul (Swamp:1)
  Snorg (Lair:5)
  A minotaur (Lab)
  Josephine (Lair:5)
  7 hydras
  3 death yaks
  An alligator (Swamp:2)
  An unseen horror (D:9)
  Pikel (D:4)
  4 hill giants
  An oklob plant (Lair:3)
  2 wolf spiders
  4 griffons
  2 hornets
  18 elephants
  9 black mambas
  26 spiny frogs
  3 centaur skeletons
  A torpor snail (Lair:6)
  9 komodo dragons
  A guardian serpent (Lair:8)
  3 rime drakes
  3 polar bears
  A jumping spider (Spider:1)
  A giant leech (Swamp:2)
  21 blink frogs
  2 trolls
  A minotaur skeleton (Lab)
  4 spriggans
  5 wraiths
  10 wyverns
  A human (D:7)
  A redback (Spider:1)
  A basilisk (Lab)
  12 hippogriffs
  Eustachio (D:6)
  The ghost of George the Shield-Bearer, an amateur FoFi (D:4)
  37 yaks
  4 hungry ghosts (Lab)
  2 vampire mosquitoes (Swamp:2)
  4 insubstantial wisps (Swamp:2)
  2 swamp worms (Swamp:2)
  12 porcupines
  19 water moccasins
  2 swamp drakes
  4 ice beasts
  2 sky beasts
  3 black bears
  6 wasps
  3 orc warriors
  4 phantoms
  12 ogres
  13 wolves
  An elf zombie (D:4)
  3 centaurs
  17 crocodiles
  3 big kobolds
  A gnoll sergeant (D:9)
  An earth elemental (Lab)
  21 giant frogs
  3 scorpions
  A water moccasin skeleton (D:8)
  A wight (D:6)
  A spriggan skeleton (Lab)
  An oklob sapling (D:4)
  5 howler monkeys
  3 jellies
  7 electric eels
  A troll skeleton (Lab)
  3 crimson imps
  A centaur zombie (D:8)
  A quasit (D:9)
  A giant frog zombie (D:6)
  11 hounds
  6 orc priests
  A giant frog skeleton (D:10)
  12 worker ants
  A human skeleton (D:4)
  13 iguanas
  9 orc wizards
  A killer bee zombie (D:10)
  4 sheep (D:7)
  An ogre skeleton (Lab)
  A worker ant zombie (D:11)
  Robin (D:3)
  9 gnolls
  A howler monkey zombie (D:8)
  18 adders
  62 river rats
  2 shadow imps
  3 oozes
  2 adder skeletons
  An adder zombie (D:5)
  5 worms
  2 dart slugs
  2 giant geckos
  20 orcs
  12 giant cockroaches
  12 goblins
  8 hobgoblins
  11 jackals
  5 quokkas
  2 ball pythons (D:2)
  9 bats
  A giant gecko skeleton (D:3)
  2 giant gecko zombies
  8 giant newts
  A goblin zombie (D:6)
  3 hobgoblin zombies (D:6)
  15 kobolds
  A kobold skeleton (D:6)
  An orc skeleton (D:4)
  4 orc zombies
  5 rats
  A butterfly (Lair:6)
  2 fungi (Lair:7)
  A plant (D:4)
663 creatures vanquished.

Vanquished Creatures (collateral kills)
  2 wights
  A quasit (D:6)
  An iguana (Lair:4)
  A shadow imp (D:6)
  2 orcs
  An orc skeleton (D:6)
8 creatures vanquished.

Vanquished Creatures (others)
  A crocodile (Lair:4)
  A human zombie (D:4)
  An adder (D:4)
  2 worms (D:4)
  An orc (D:4)
  2 jackals (D:4)
  A giant gecko skeleton (D:4)
  A rat (D:4)
  30 fungi
  14 plants
54 creatures vanquished.

Grand Total: 725 creatures vanquished

Notes
Turn   | Place    | Note
--------------------------------------------------------------
     0 | D:1      | dohliylev the Vampire Enchanter began the quest for the Orb.
     0 | D:1      | Reached XP level 1. HP: 13/13 MP: 3/3
   168 | D:1      | Reached XP level 2. HP: 19/19 MP: 5/5
   172 | D:1      | Learned a level 2 spell: Ensorcelled Hibernation
   218 | D:1      | Reached skill level 5 in Hexes
   426 | D:1      | Reached skill level 5 in Stealth
   728 | D:1      | Reached XP level 3. HP: 24/24 MP: 6/6
  1092 | D:2      | Learned a level 3 spell: Dazzling Spray
  1200 | D:2      | Reached skill level 6 in Stealth
  1322 | D:2      | Reached XP level 4. HP: 31/31 MP: 4/7
  1489 | D:3      | Noticed Robin
  1499 | D:3      | Reached skill level 1 in Ice Magic
  1562 | D:3      | Killed Robin
  1810 | D:3      | Found an iron altar of Okawaru.
  1811 | D:3      | Found a glowing golden altar of the Shining One.
  1821 | D:3      | Found a burning altar of Makhleb.
  2294 | D:3      | Reached XP level 5. HP: 27/36 MP: 2/8
  2312 | D:3      | Reached skill level 7 in Stealth
  2547 | D:4      | Noticed an ogre
  2554 | D:4      | Noticed George's ghost (amateur FoFi)
  2555 | D:4      | Noticed a phantom
  2563 | D:4      | Killed an ogre
  2599 | D:4      | Found a staircase to the Ecumenical Temple.
  2672 | D:4      | Reached XP level 6. HP: 41/42 MP: 5/10
  2690 | D:4      | Reached skill level 8 in Stealth
  2713 | D:4      | Found an opulent altar of Gozag.
  2714 | D:4      | Found a glowing silver altar of Zin.
  2889 | D:4      | Reached skill level 1 in Fighting
  2930 | D:4      | Noticed Pikel
  2930 | D:4      | Noticed a slave
  2930 | D:4      | Noticed a slave
  2947 | D:4      | Noticed a slave
  2947 | D:4      | Noticed a slave
  2958 | D:4      | Killed Pikel
  2958 | D:4      | Reached skill level 9 in Stealth
  2958 | D:4      | Reached XP level 7. HP: 28/48 MP: 2/11
  3204 | D:4      | Reached skill level 10 in Stealth
  3284 | D:4      | Reached XP level 8. HP: 36/55 MP: 6/13
  3836 | D:4      | Reached skill level 11 in Stealth
  3958 | D:5      | Entered Level 5 of the Dungeon
  4247 | D:5      | Learned a level 3 spell: Call Canine Familiar
  4395 | D:5      | Found a shattered altar of Ashenzari.
  4501 | D:5      | Noticed SlenderEnder's ghost (amateur MfIE)
  4814 | D:5      | Found Luhugy's Gadget Shoppe.
  5836 | D:6      | Found a glowing golden altar of the Shining One.
  5870 | D:6      | Reached skill level 5 in Dodging
  6022 | D:6      | Found a burning altar of Makhleb.
  6030 | D:6      | Noticed Eustachio
  6293 | D:6      | Reached XP level 9. HP: 52/61 MP: 5/16
  6348 | D:6      | Killed Eustachio
  6348 | D:6      | Reached skill level 5 in Spellcasting
  6805 | D:6      | Reached skill level 1 in Summonings
  6959 | D:5      | Reached skill level 12 in Stealth
  7717 | D:7      | Found a white marble altar of Elyvilon.
  8141 | D:8      | Reached skill level 13 in Stealth
  8449 | D:8      | Reached XP level 10. HP: 68/68 MP: 20/20
  8485 | D:8      | Found a stormy altar of Qazlal.
  8494 | D:8      | Found a blossoming altar of Fedhas.
  9263 | D:9      | Reached skill level 14 in Stealth
 10136 | D:9      | Noticed an unseen horror
 10148 | D:9      | Killed an unseen horror
 10392 | D:10     | Entered Level 10 of the Dungeon
 10410 | D:10     | Reached skill level 15 in Stealth
 10440 | D:10     | Reached XP level 11. HP: 63/75 MP: 9/22
 11126 | D:4      | Killed George's ghost
 11557 | Temple   | Entered the Ecumenical Temple
 11563 | Temple   | Became a worshipper of Dithmenos the Shadowed
 12135 | D:10     | Noticed a hill giant
 12144 | D:10     | Killed a hill giant
 12292 | D:10     | Found a staircase to the Lair.
 12481 | D:10     | Noticed a hill giant
 12496 | D:10     | Killed a hill giant
 12496 | D:10     | Reached skill level 10 in Hexes
 12626 | D:10     | Got a shimmering buckler
 13045 | D:10     | Reached * piety under Dithmenos
 13442 | D:10     | Noticed a hill giant
 13447 | D:10     | Killed a hill giant
 13447 | D:10     | Reached skill level 5 in Ice Magic
 13501 | D:11     | Noticed a hill giant
 13504 | D:11     | Reached skill level 16 in Stealth
 13517 | D:11     | Killed a hill giant
 13695 | Lair:1   | Entered Level 1 of the Lair of Beasts
 13847 | Lair:1   | Identified the cursed +0 buckler "Aschoy Dipu" {Int+2} (You found it on level 10 of the Dungeon)
 13861 | Lair:1   | Learned a level 4 spell: Summon Ice Beast
 13868 | Lair:1   | Noticed an eight-headed hydra
 13877 | Lair:1   | Killed an eight-headed hydra
 13991 | Lair:1   | Reached skill level 17 in Stealth
 14028 | Lair:1   | Learned a level 3 spell: Tukima's Dance
 14652 | Lair:2   | Reached ** piety under Dithmenos
 14767 | Lair:2   | Reached XP level 12. HP: 82/82 MP: 24/24
 15101 | Lair:2   | Noticed a four-headed hydra
 15110 | Lair:2   | Killed a four-headed hydra
 15204 | Lair:2   | Identified a scroll of acquirement
 15437 | Lair:3   | Found a hole to the Spider Nest.
 15445 | Lair:3   | Reached skill level 18 in Stealth
 15657 | Lair:3   | You fall through a shaft for 2 floors!
 15657 | Lair:5   | Noticed Josephine
 15658 | Lair:5   | Noticed Snorg
 16086 | Lair:3   | Reached skill level 1 in Conjurations
 16393 | Lair:3   | Noticed a five-headed hydra
 16396 | Lair:3   | Killed a five-headed hydra
 16457 | Lair:3   | Reached *** piety under Dithmenos
 16597 | Lair:3   | Noticed an eight-headed hydra
 16599 | Lair:3   | Killed an eight-headed hydra
 16765 | Lair:4   | Reached skill level 19 in Stealth
 17870 | Lair:5   | Killed Josephine
 18299 | Lair:5   | Killed Snorg
 18423 | Lair:5   | Reached XP level 13. HP: 88/88 MP: 26/26
 18447 | Lair:5   | Found a staircase to the Swamp.
 20101 | Lair:6   | Reached **** piety under Dithmenos
 20135 | Lair:6   | Reached skill level 20 in Stealth
 20378 | Lair:6   | Reached skill level 10 in Spellcasting
 21022 | Lair:7   | Found a labyrinth entrance.
 21027 | Lair:7   | Reached skill level 5 in Short Blades
 21036 | Lab      | Entered a labyrinth
 21165 | Lab      | Found an exit through the horrors of the Abyss.
 21340 | Lab      | Found an exit through the horrors of the Abyss.
 21370 | Lab      | Found an exit through the horrors of the Abyss.
 21404 | Lab      | Got a jewelled scale mail
 21427 | Lab      | Identified the +1 scale mail of Ublor {rF+ MR+ Regen+} (You found it in a labyrinth)
 21501 | Lab      | Found an exit through the horrors of the Abyss.
 21577 | Lab      | Noticed a minotaur
 21582 | Lab      | Killed a minotaur
 21641 | Lab      | Got an opalescent robe
 21652 | Lab      | Identified the +2 robe of Haiprouwn {*Drain Regen+ MP+9 Int+5} (You found it in a labyrinth)
 22666 | Lair:7   | Reached skill level 21 in Stealth
 23037 | Lair:7   | Reached XP level 14. HP: 89/95 MP: 16/28
 23727 | Lair:8   | Entered Level 8 of the Lair of Beasts
 23761 | Lair:8   | Reached ***** piety under Dithmenos
 24625 | Lair:8   | Reached skill level 1 in Shields
 25012 | Lair:8   | Reached skill level 10 in Dodging
 25517 | Lair:8   | Found a runed door.
 25518 | Lair:8   | Found a viscous altar of Jiyva.
 25520 | Lair:8   | Found a staircase to the Slime Pits.
 26053 | Spider:1 | Entered Level 1 of the Spider Nest
 26281 | Swamp:1  | Entered Level 1 of the Swamp
 26285 | Swamp:1  | Reached skill level 22 in Stealth
 26453 | Swamp:1  | Noticed Aizul
 26456 | Swamp:1  | Killed Aizul
 26621 | Swamp:1  | Noticed Frances
 26624 | Swamp:1  | Killed Frances
 26668 | Swamp:1  | Gained mutation: Your muscles are strong. (Str +2) [potion of mutation]
 26668 | Swamp:1  | Gained mutation: You occasionally shout uncontrollably at your foes. [potion of mutation]
 26668 | Swamp:1  | Gained mutation: You are frail (-10% HP). [potion of mutation]
 26669 | Swamp:1  | Gained mutation: You have a pair of small antennae on your head. [potion of mutation]
 26669 | Swamp:1  | Lost mutation: You occasionally shout uncontrollably at your foes. [potion of mutation]
 26672 | Swamp:1  | Gained mutation: You can translocate small distances at will. [potion of mutation]
 26672 | Swamp:1  | Gained mutation: You are partially covered in thin metallic scales (AC +2). [potion of mutation]
 26748 | Swamp:1  | Learned a level 7 spell: Summon Hydra
 26842 | Swamp:1  | Got a faintly humming scale mail
 26853 | Swamp:1  | Identified the +5 scale mail of Kugeces {Regen+ Str-3 Slay+6} (You found it on level 1 of the Swamp)
 27475 | Swamp:2  | Noticed a thorn hunter
 27501 | Swamp:3  | Killed from afar by a thorn hunter

Vault maps used:
D:1:      dpeg_arrival_simpleton_b
D:2:      minmay_stone_trees_medium
D:3:      gammafunk_temple_overflow_forgotten, first_bread, grunt_ministairs_3,
          uniq_robin
D:4:      grunt_temple_overflow_gold_and_silver, minmay_temple_entry_oklob,
          gup_sewer_entry_spiral, nicolae_ossuary_entry_catacombs,
          uniq_crazy_yiuf_cottage, uniq_pikel
D:5:      kennysheep_mini, serial_shops, shop_coins
D:6:      basic_altar, minmay_misc_feat_five, nicolae_tso_besieged_by_evil,
          uniq_eustachio
D:7:      elyvilon_altar_1, grunt_livestock
D:8:      grunt_temple_overflow_forces_of_nature
D:9:      mumra_transporter_accident
D:10:     erik_lair_island
D:11:     orc_david_3
Temple:   triangle_lava_temple_11
Lair:1:   grunt_megastairs_3
Lair:3:   spider_nest_entry_rubble, disabler_island, lemuel_fruit_fields
Lair:4:   lemuel_old_faithful
Lair:5:   swamp_mist_pool, serial_bayou_pond_b, beast_lair_carwin_4, uniq_snorg,
          uniq_josephine
Lair:6:   grunt_forest_stairs_clearing, infiniplex_staircase_pool,
          lemuel_fruit_tree, lemuel_fruit_fields
Lair:7:   lab_entry_generic
Lair:8:   hangedman_lair_tendril_chambers, slime_altar_2
Swamp:1:  evilmike_swamp_ruin_wall, uniq_aizul, uniq_frances
Swamp:2:  hangedman_swamp_pad, uniq_roxanne, uniq_jorgrun
Swamp:3:  nicolae_swamp_triple_paths, nicolae_swamp_baby_hydras
Lab:      labyrinth_skeletal_remains, labyrinth_glass_2,
          labyrinth_baited_teleportation_trap, nicolae_lab_quarters,
          nicolae_lab_do_over, nicolae_lab_stuck, labyrinth_fake_exit,
          nicolae_lab_arrow, nicolae_lab_grate, nicolae_lab_big_swirl,
          nicolae_lab_flowing_pool, labyrinth_glass_1

Skill      XL: |  1  2  3  4  5  6  7  8  9 10 11 12 13 14 |
---------------+-------------------------------------------+-----
Hexes          | 5 6 7 8 9 10 11 12 14 | 14.4
Stealth        | 5 6 7 9 10 11 13 15 17 19 21 22 | 22.2
Ice Magic      | 1 2 3 4 5 6 7 8 |  8.1
Dodging        | 3 4 5 6 7 8 9 10 | 10.3
Fighting       | 1 2 3 4 |  4.4
Spellcasting   | 3 4 6 7 8 9 10 11 | 11.3
Short Blades   | 2 3 4 5 |  5.3
Summonings     | 1 2 3 |  3.0
Conjurations   | 1 2 |  2.6
Shields        | 1 |  1.7
Throwing       | |  0.7
Invocations    | |  0.3
Evocations     | |  0.1

Action                   |  1- 3 |  4- 6 |  7- 9 | 10-12 | 13-15 || total
-------------------------+-------+-------+-------+-------+-------++-------
Melee: Dagger            |   134 |   131 |   324 |   601 |   435 ||  1625
       Bite              |     7 |     6 |    27 |    54 |    36 ||   130
 Fire: Blowgun           |       |       |       |     5 |       ||     5
Throw: Tomahawk          |       |       |     3 |     4 |       ||     7
 Cast: Corona            |     4 |       |     2 |     3 |       ||     9
       Ensorcelled Hiber |    10 |    21 |    56 |   139 |   239 ||   465
       Dazzling Spray    |     1 |     5 |    37 |    49 |    79 ||   171
       Call Canine Famil |       |       |    15 |    14 |     6 ||    35
       Summon Ice Beast  |       |       |       |     3 |     6 ||     9
Invok: Shadow Step       |       |       |       |       |     6 ||     6
 Abil: Bat Form          |       |     3 |     4 |     2 |     5 ||    14
       End Transformatio |       |     3 |     4 |     2 |     4 ||    13
Evoke: Wand              |       |       |       |       |     2 ||     2
       Sack of spiders   |       |       |       |       |     1 ||     1
  Use: Potion            |     1 |       |     8 |    13 |     7 ||    29
       Scroll            |       |     7 |     2 |    11 |    13 ||    33
 Stab: Sleeping          |    19 |    17 |    60 |   182 |   189 ||   467
       Distracted        |       |       |     1 |     3 |     3 ||     7
       Invisible         |       |       |     1 |     3 |     4 ||     8
Armor: Robe              |    40 |    34 |    63 |    86 |    66 ||   289
Dodge: Dodged            |    87 |    72 |   194 |   357 |   412 ||  1122
Block: Buckler           |       |       |       |    15 |    95 ||   110
